AoeStats
← bumbsbomba74

Arena

509102590Analyzed
4v4 RM · 7d ago on Sep 25, 2026· 43m 37s· 8 players
Game mode
Random Map
Map size
Large (8 player)
Population
200
Speed
Normal
Resources
Standard
Victory
Conquest
Starting age
Dark Age
Ending age
Imperial Age
RankedLock teamsTeams togetherTeam positionsShared explorationLock speedFull tech treeHidden civsTurbo modeCheats
Victory
Defeat
🇨🇳 Ethiopians · China
1202
+13
🇨🇳 Romans · China
1201
+13
🇨🇳 Franks · China
1201
+13
🇨🇳 Khmer · China
1161
+15
🇩🇪 Lithuanians · Germany
1243
-17
🇨🇳 Aztecs · China
1185
-15
🇮🇹 Danes · Italy
1090
-12
🇩🇪 Dravidians · Germany
1036
-10
bumbsbomba74
9:44 Feudal Age
10:52 Double-Bit Axe
13:35 Castle Age
11:34 Double-Bit Axe
12:06 Horse Collar
14:32 Bow Saw
19:09 Wheelbarrow
19:28 Heavy Plow
20:40 Gold Mining
22:13 Hand Cart
27:31 Imperial Age
25:37 Padded Archer Armor
25:52 Fletching
26:59 Thumb Ring
27:10 Loom
27:10 Town Watch
27:41 Siege Elephant
29:37 Chemistry
28:34 Bodkin Arrow
30:12 Ballistics
29:31 Elite Elephant Archer
30:22 Bracer
31:35 Pikeman
32:15 Squires
32:01 Gambesons
32:18 Scale Mail Armor
32:51 Halberdier
33:48 Chain Mail Armor
34:03 Conscription
34:03 Forging
35:21 Plate Mail Armor
36:10 Iron Casting
38:27 Two-Man Saw
Tada
10:57 Feudal Age
11:45 Double-Bit Axe
14:30 Castle Age
15:40 Bow Saw
17:58 Fervor
21:16 Sanctity
21:08 Loom
21:31 Horse Collar
26:14 Scale Barding Armor
26:20 Forging
26:23 Heavy Plow
27:39 Wheelbarrow
27:46 Bloodlines
27:52 Gold Mining
28:13 Husbandry
30:00 Iron Casting
30:13 Chain Barding Armor
31:20 Hand Cart
34:55 Imperial Age
31:58 Light Cavalry
33:03 Stone Mining
33:32 Squires
34:37 Pikeman
34:59 Cavalier
35:07 Winged Hussar
35:45 Town Watch
36:52 Plate Barding Armor
36:40 Scale Mail Armor
36:55 Paladin
飞翔的圣光
10:56 Feudal Age
15:21 Castle Age
13:53 Double-Bit Axe
13:51 Horse Collar
16:25 Bow Saw
16:19 Heavy Plow
19:09 Loom
19:10 Town Watch
21:35 Fervor
22:56 Man-at-Arms
23:23 Gambesons
25:48 Wheelbarrow
25:17 Long Swordsman
26:43 Scale Mail Armor
30:50 Imperial Age
28:59 Forging
30:34 Iron Casting
30:53 Squires
30:39 Arson
32:06 Garland Wars
32:09 Fletching
32:20 Padded Archer Armor
32:10 Capped Ram
33:27 Chain Mail Armor
32:49 Elite Skirmisher
33:04 Pikeman
33:45 Elite Jaguar Warrior
36:30 Plate Mail Armor
37:02 Blast Furnace
36:46 Bodkin Arrow
37:13 Conscription
36:55 Atlatl
37:02 Town Patrol
37:33 Gold Mining
37:33 Stone Mining
38:03 Leather Archer Armor
38:23 Murder Holes
38:09 Treadmill Crane
38:50 Ballistics
40:03 Bracer
41:37 Chemistry
40:48 Fortified Wall
41:38 Gold Shaft Mining
41:38 Stone Shaft Mining
42:56 Two-Handed Swordsman
Ottone il Grande
11:59 Feudal Age
17:06 Castle Age
16:22 Loom
18:47 Horse Collar
18:55 Double-Bit Axe
19:03 Gold Mining
20:01 Heavy Plow
24:45 Scale Mail Armor
24:56 Forging
QWE
9:03 Loom
10:49 Feudal Age
9:29 Loom
11:14 Feudal Age
12:59 Double-Bit Axe
12:55 Horse Collar
15:53 Castle Age
18:18 Wheelbarrow
18:02 Bow Saw
20:07 Heavy Plow
23:04 Gold Mining
23:42 Hand Cart
25:27 Gold Mining
29:20 Imperial Age
26:46 Stone Mining
27:31 Gold Shaft Mining
28:14 Fletching
28:00 Man-at-Arms
28:41 Squires
28:53 Forging
28:43 Scale Mail Armor
30:02 Ballistics
29:58 Fortified Wall
29:43 Heavy Scorpion
31:00 Siege Engineers
32:02 Chemistry
31:29 Bodkin Arrow
30:57 Long Swordsman
32:14 Iron Casting
31:37 Pikeman
33:06 Capped Ram
33:22 Legionary
34:39 Ballistas
34:54 Conscription
35:26 Siege Ram
36:23 Halberdier
44:07 Blast Furnace
43:23 Chain Mail Armor
先知后觉是也
11:38 Feudal Age
14:21 Castle Age
12:12 Double-Bit Axe
12:14 Horse Collar
15:31 Bow Saw
16:11 Heavy Plow
20:34 Gold Mining
21:38 Loom
24:32 Wheelbarrow
25:02 Gold Shaft Mining
25:38 Stone Mining
28:48 Imperial Age
27:24 Hand Cart
28:25 Husbandry
28:36 Bloodlines
29:54 Stone Shaft Mining
29:11 Elite Battle Elephant
30:08 Forging
30:04 Scale Barding Armor
30:51 Tusk Swords
31:47 Iron Casting
31:33 Chain Barding Armor
32:49 Plate Barding Armor
32:28 Scale Mail Armor
33:30 Blast Furnace
40:15 Fortified Wall
40:11 Siege Engineers
40:26 Ballistics
39:53 Heavy Scorpion
40:35 Double Crossbow
KONW
11:13 Feudal Age
14:57 Castle Age
13:07 Double-Bit Axe
13:08 Horse Collar
16:39 Scale Mail Armor
18:47 Loom
22:21 Loom
23:48 Chain Mail Armor
29:04 Forging
31:57 Bow Saw
31:57 Heavy Plow
33:25 Gold Mining
38:14 Imperial Age
35:58 Fletching
36:43 Bodkin Arrow
36:30 Crossbowman
37:35 Ballistics
37:59 Gold Shaft Mining
37:43 Padded Archer Armor
38:46 Thumb Ring
38:18 Arbalester
39:33 Conscription
39:25 Bracer
40:20 Leather Archer Armor
41:59 Chemistry
41:10 Fortified Wall
41:44 Ring Archer Armor
40:39 Elite Skirmisher
Elder K
11:04 Feudal Age
12:28 Loom
15:06 Castle Age
14:05 Double-Bit Axe
28:03 Imperial Age
26:31 Wheelbarrow
26:25 Scale Barding Armor
26:31 Forging
26:20 Gold Mining
26:26 Stone Mining
26:44 Husbandry
27:53 Chain Barding Armor
27:50 Hand Cart
28:19 Cavalier
29:40 Plate Barding Armor
30:01 Conscription
29:46 Paladin
31:58 Gold Shaft Mining
32:06 Iron Casting
31:50 Fortified Wall
32:47 Chemistry
37:07 Blast Furnace
39:11 Fletching
43:34 Light Cavalry
Connection lost

Rejoining the realm…

Still unreachable

The connection could not be restored.

Session expired

The server has moved on; the page needs a fresh start.